 Dungeon Crawl Stone Soup version 0.29-a0-266-gf56f883ddd (webtiles) character file.

Game seed: 562303968108193737

92 Rennog the Slasher (level 4, 0/41 HPs)
             Began as a Gnoll Cinder Acolyte on Mar 6, 2022.
             Was a High Priest of Ignis.
             Slain by Robin
             ... wielding a +0 vorpal falchion
              (7 damage)
             ... on level 3 of the Dungeon.
             The game lasted 00:03:34 (2928 turns).

Rennog the Slasher (Gnoll Cinder Acolyte)           Turns: 2928, Time: 00:03:34

Health: 0/41       AC:  2    Str: 13    XL:     4   Next: 60%
Magic:  8/8        EV: 11    Int: 13    God:    Ignis [*****.]
Gold:   100        SH:  0    Dex: 10    Spells: 9/9 levels left

rFire   + . .      SeeInvis .   a - -1 falchion (flame)
rCold   . . .      Faith    .   (no shield)
rNeg    . . .      Spirit   .   b - +0 robe
rPois   .          Reflect  .   (no helmet)
rElec   .          Harm     .   g - scarf {shadows}
rCorr   .          Rampage  .   (no gloves)
Will    .....                   (no boots)
Stlth   +.........              (no amulet)
HPRegen 0.13/turn               (no ring)
MPRegen 0.11/turn               (no ring)

@: no status effects
A: fangs 1, strong nose, distributed training
a: Renounce Religion, Fiery Armour, Foxfire Swarm, Rising Flame


You were on level 3 of the Dungeon.
You worshipped Ignis.
Ignis was extremely pleased with you.
You visited 1 branch of the dungeon, and saw 3 of its levels.

You collected 100 gold pieces.

Inventory:

Hand Weapons
 a - a -1 falchion of flaming (weapon)
Armour
 b - a +0 robe (worn)
 d - a scarf of invisibility
 g - a scarf of shadows (worn)
Jewellery
 h - an amulet of guardian spirit
Wands
 k - a wand of polymorph (3)
Scrolls
 c - a scroll of teleportation {unknown}
 e - a scroll of noise {unknown}
 l - a scroll of magic mapping {unknown}
Potions
 f - 4 potions of cancellation {unknown}
 i - a potion of haste
 j - a potion of ambrosia {unknown}


   Skills:
 + Level 6.6 Fighting
 + Level 1.2 Short Blades
 + Level 6.6 Long Blades
 + Level 1.2 Axes
 + Level 1.2 Maces & Flails
 + Level 1.2 Polearms
 + Level 1.2 Staves
 + Level 1.2 Slings
 + Level 1.2 Bows
 + Level 1.2 Crossbows
 + Level 1.2 Throwing
 + Level 1.2 Armour
 + Level 1.2 Dodging
 + Level 1.2 Stealth
 + Level 1.2 Shields
 + Level 1.2 Unarmed Combat
 + Level 3.0 Spellcasting
 + Level 1.0 Conjurations
 + Level 1.0 Hexes
 + Level 1.0 Summonings
 + Level 1.0 Necromancy
 + Level 1.0 Translocations
 + Level 1.0 Transmutations
 + Level 5.5 Fire Magic
 + Level 1.0 Ice Magic
 + Level 1.0 Air Magic
 + Level 1.0 Earth Magic
 + Level 1.0 Poison Magic
 + Level 1.3 Invocations
 + Level 1.2 Evocations


You had 9 spell levels left.
You didn't know any spells.
Your spell library contained the following spells:

 Spells                   Type           Power      Damage    Failure   Level
 Scorch                   Fire           32%        2d7       3%          2


Dungeon Overview and Level Annotations

Branches:
Dungeon (3/15)

Altars:

Annotations:
D:3 Robin


Innate Abilities, Weirdness & Mutations

You have very sharp teeth.
Your uncanny sense of smell can sniff out nearby items.
Your experience applies equally to all skills.


Message History

Robin is moderately wounded.
Robin closely misses you. x2
You hit Robin but do no damage.
Robin is moderately wounded.
Robin throws the goblin at you! The goblin misses you.
You hit the goblin. You burn the goblin.
You kill the goblin!
Robin closely misses you. Robin throws the goblin at you!
You barely miss the goblin.
The goblin no longer looks unusually strong.
The goblin closely misses you.
You slash the goblin! You burn the goblin.
You kill the goblin!
Robin hits you with a +0 vorpal falchion.
Robin roars a battlecry!
The goblin goes into a battle-frenzy!
Items here: ))) †.
Robin throws the goblin at you! The goblin hits you with a +0 club.
You hit the goblin. You burn the goblin. Your bite misses the goblin.
The goblin is heavily wounded.
The goblin completely misses you. Robin throws the goblin at you!
You closely miss the goblin. You bite the goblin.
You kill the goblin!
Robin barely misses you.
Robin says, "Bow before me, strongest of all the hobgoblins!"
Things that are here:
a +0 club; 10 gold pieces; a goblin corpse You closely miss Robin.
Robin is moderately wounded.
Robin barely misses you.
Robin hits you with a +0 vorpal falchion.
You hit Robin but do no damage.
Robin is moderately wounded.
Robin barely misses you.
You hit Robin but do no damage.
Robin is moderately wounded.
Robin hits you with a +0 vorpal falchion!
* * * LOW HITPOINT WARNING * * *
x2 Robin hits you with a +0 vorpal falchion!
You die...

#........###
#.##<.......
#)#########.
#)# ## #.# #.#
#######.#
#.......#
#@#######
#g############
#.)...).......
#####.........
#.........
#.........
#.........
#........<
#...g.....


You could see Robin (fast).

Vanquished Creatures
  Ijyb (D:2)
  A worm (D:2)
  2 dart slugs
  A bat (D:2)
  2 endoplasms (D:1)
  A giant cockroach (D:1)
  5 hobgoblins
  6 quokkas
  A ball python (D:1)
  4 frilled lizards
  24 goblins
  4 kobolds
  A rat (D:2)
53 creatures vanquished.

Notes
Turn   | Place    | Note
-------+----------+-------------------------------------------
     0 | D:1      | Rennog the Gnoll Cinder Acolyte began the quest for the
                  | Orb.
     0 | D:1      | Reached XP level 1. HP: 23/23 MP: 4/4
   333 | D:1      | Reached XP level 2. HP: 24/29 MP: 5/5
  1251 | D:1      | Reached XP level 3. HP: 33/35 MP: 7/7
  2029 | D:2      | Reached skill level 1 in Invocations
  2220 | D:2      | Found a faded altar of an unknown god.
  2370 | D:2      | Noticed Ijyb
  2380 | D:2      | Killed Ijyb
  2381 | D:2      | Reached skill level 1 in Short Blades
  2381 | D:2      | Reached skill level 1 in Axes
  2381 | D:2      | Reached skill level 1 in Maces & Flails
  2381 | D:2      | Reached skill level 1 in Polearms
  2381 | D:2      | Reached skill level 1 in Staves
  2381 | D:2      | Reached skill level 1 in Slings
  2381 | D:2      | Reached skill level 1 in Bows
  2381 | D:2      | Reached skill level 1 in Crossbows
  2381 | D:2      | Reached skill level 1 in Throwing
  2381 | D:2      | Reached skill level 1 in Armour
  2381 | D:2      | Reached skill level 1 in Dodging
  2381 | D:2      | Reached skill level 1 in Stealth
  2381 | D:2      | Reached skill level 1 in Shields
  2381 | D:2      | Reached skill level 1 in Unarmed Combat
  2381 | D:2      | Reached skill level 1 in Evocations
  2381 | D:2      | Reached XP level 4. HP: 36/41 MP: 8/8
  2718 | D:3      | Noticed Robin
  2916 | D:3      | Reached skill level 1 in Conjurations
  2916 | D:3      | Reached skill level 1 in Hexes
  2916 | D:3      | Reached skill level 1 in Summonings
  2916 | D:3      | Reached skill level 1 in Necromancy
  2916 | D:3      | Reached skill level 1 in Translocations
  2916 | D:3      | Reached skill level 1 in Transmutations
  2916 | D:3      | Reached skill level 1 in Ice Magic
  2916 | D:3      | Reached skill level 1 in Air Magic
  2916 | D:3      | Reached skill level 1 in Earth Magic
  2916 | D:3      | Reached skill level 1 in Poison Magic
  2928 | D:3      | Slain by Robin

Illustrated notes

Levels and vault maps discovered:
D:1:      wander_arrival_lonely_grave, layout_basic, hangedman_decor_riveting,
          grunt_decor_resistance, minmay_liquid_box, supply_closet_lemuel
D:2:      kennysheep_the_goblin_king, layout_loops_ring,
          shapermc_ecumenical_altar_acropolis, eino_tiny_chamber
D:3:      layout_basic, corexii_leaking_fountain, uniq_robin

Skill      XL: |  1  2  3  4 |
---------------+-------------+-----
Invocations    | 1 |  1.3
Short Blades   | 1 |  1.2
Axes           | 1 |  1.2
Maces & Flails | 1 |  1.2
Polearms       | 1 |  1.2
Staves         | 1 |  1.2
Slings         | 1 |  1.2
Bows           | 1 |  1.2
Crossbows      | 1 |  1.2
Throwing       | 1 |  1.2
Armour         | 1 |  1.2
Dodging        | 1 |  1.2
Stealth        | 1 |  1.2
Shields        | 1 |  1.2
Unarmed Combat | 1 |  1.2
Spellcasting   | 3 |  3.0
Evocations     | 1 |  1.2
Conjurations   | 1 |  1.0
Hexes          | 1 |  1.0
Summonings     | 1 |  1.0
Necromancy     | 1 |  1.0
Translocations | 1 |  1.0
Transmutations | 1 |  1.0
Ice Magic      | 1 |  1.0
Air Magic      | 1 |  1.0
Earth Magic    | 1 |  1.0
Poison Magic   | 1 |  1.0
Fighting       | |  6.6
Long Blades    | |  6.6
Fire Magic     | |  5.5

Action                   |  1- 3 |  4- 6 || total
-------------------------+-------+-------++-------
Melee: Falchion          |   117 |    38 ||   155
       Bite              |     9 |     4 ||    13
       Unarmed           |     4 |     2 ||     6
       Punch             |     1 |       ||     1
 Stab: Sleeping          |     1 |       ||     1
Armor: Robe              |    24 |     6 ||    30
Dodge: Dodged            |    55 |    18 ||    73

Table legend: (Time is in decaauts)
 A = Elapsed time spent in this place.
 B = Non-inter-level travel time spent in this place.
 C = Inter-level travel time spent in this place.
 D = Time resting spent in this place.
 E = Time spent auto-exploring this place.
 F = Levels seen in this place.
 G = Mean time per level.
                   A        B        C        D        E       F      G
               +--------+--------+--------+--------+--------+-----+--------+
         Total |   2923 |   2811 |    112 |      0 |   2399 |   3 |  974.3 |
       Dungeon |   2923 |   2811 |    112 |      0 |   2399 |   3 |  974.3 |
               +--------+--------+--------+--------+--------+-----+--------+

Top non-repeatable levels by time:
     D:1: 1846 daAuts
     D:2: 847 daAuts
     D:3: 230 daAuts
